[Event "1st Gujarat GM Open 2018"]
[Site "Ahmedabad"]
[Date "2018.10.08"]
[Round "5"]
[White "Predke, Alexandr"]
[Black "Rahul Srivatshav P"]
[Result "1/2-1/2"]
[ECO "B15"]
[WhiteElo "2615"]
[BlackElo "2395"]
[Annotator "RC"]
[PlyCount "70"]
[EventDate "2018.10.05"]
[EventType "swiss"]
[EventCountry "IND"]
[SourceTitle "playchess.com"]
[Source "ChessBase"]
[SourceQuality "1"]
[TimeControl "5400+30"]

1. e4 c6 2. d4 d5 3. Nc3 dxe4 4. Nxe4 Nf6 5. Nxf6+ exf6 6. c3 Bd6 7. Bd3 O-O 8. Qc2 Re8+ 9. Ne2 f5 10. Bxf5 Bxf5 11. Qxf5 Nd7 12. Be3 Nb6 13. O-O Nc4 14. b3 g6 15. Qd3 Nxe3 16. fxe3 f5 17. Nf4 Re4 18. Qc4+ Kh8 19. Qf7 {[%emt 0:00:06] Kg8 [%clk 1:21:21] Qc4+ [%clk 0:35:52] Kh8 [%clk 1:19:58] Qf7 [%clk 0:36:16] Kg8 [%clk 1:21:21] Qc4+ [%clk 0:35:52] Kh8 [%clk 1:19:58] Qf7 [%clk 0:36:16]} Rxe3 20. Ne6 Qe7 21. Nf4 Qd8 22. Ne6 Qe7 23. Qxe7 Bxe7 24. Rae1 Rxe1 25. Rxe1 Rc8 26. g3 Kg8 27. h4 Kf7 28. Ng5+ Bxg5 29. hxg5 h6 30. gxh6 Rh8 31. d5 cxd5 32. Re5 Rxh6 33. Rxd5 Ke6 34. Rd8 Rh7 35. Rg8 Ke5 1/2-1/2

[Event "1st Gujarat GM Open 2018"]
[Site "Ahmedabad"]
[Date "2018.10.08"]
[Round "5"]
[White "Tukhaev, Adam"]
[Black "Ramnathan, Balasubramaniam"]
[Result "1-0"]
[ECO "C42"]
[WhiteElo "2556"]
[BlackElo "2142"]
[Annotator "ChessBase"]
[PlyCount "107"]
[EventDate "2018.10.05"]
[EventType "swiss"]
[EventCountry "IND"]
[SourceTitle "playchess.com"]
[Source "ChessBase"]
[SourceQuality "1"]
[TimeControl "5400+30"]

1. e4 e5 2. Nf3 Nf6 3. Nxe5 d6 4. Nf3 Nxe4 5. Nc3 Nxc3 6. dxc3 Be7 7. Be3 Nc6 8. Qd2 O-O 9. O-O-O Bf5 10. h4 Bf6 11. Ng5 Ne5 12. f3 Qd7 13. b3 Rae8 14. Be2 Qe7 15. Rde1 d5 16. Kb2 Nc6 17. Bd3 Ne5 18. Be2 Nc6 19. Bd3 Qd7 20. Bxf5 Qxf5 21. g4 Qd7 22. Ne4 Be7 23. Nc5 Bxc5 24. Bxc5 Rxe1 25. Rxe1 Rd8 26. h5 b6 27. Bg1 f6 28. Bh2 h6 29. Qd3 a5 30. a4 Ne7 31. Qa6 Kf8 32. Qb7 Rc8 33. Rd1 Qe6 34. Bg3 Kf7 35. Re1 Qd7 36. Bf2 Rd8 37. Rd1 Qc6 38. Qa6 Qd6 39. Qd3 Nc6 40. Be3 Qe6 41. Bf4 Ne5 42. Qf1 Qd6 43. Kb1 Re8 44. Qf2 c5 45. Bc1 Rd8 46. Qg2 Qd7 47. Rg1 Kf8 48. f4 Nf7 49. g5 f5 50. gxh6 Nxh6 51. Qg6 Qc7 52. Re1 c4 53. Ba3+ Kg8 54. Re7 1-0

[Event "1st Gujarat GM Open 2018"]
[Site "Ahmedabad"]
[Date "2018.10.08"]
[Round "5"]
[White "Lalith Babu M R"]
[Black "Babujian, Levon"]
[Result "0-1"]
[ECO "A25"]
[WhiteElo "2518"]
[BlackElo "2456"]
[Annotator "ChessBase"]
[PlyCount "92"]
[EventDate "2018.10.05"]
[EventType "swiss"]
[EventCountry "IND"]
[SourceTitle "playchess.com"]
[Source "ChessBase"]
[SourceQuality "1"]
[TimeControl "5400+30"]

1. c4 e5 2. g3 Nc6 3. Bg2 g6 4. Nc3 Bg7 5. e4 d6 6. Nge2 h5 7. h4 Nh6 8. d3 O-O 9. O-O Nd4 10. Nxd4 exd4 11. Ne2 Ng4 12. Bg5 Qe8 13. Re1 a5 14. Rc1 c6 15. Rc2 Qe5 16. f3 Nf6 17. Bf4 Qc5 18. Nc1 a4 19. Qd2 Nd7 20. b4 axb3 21. axb3 Ne5 22. b4 Qb6 23. c5 dxc5 24. bxc5 Qa5 25. Qxa5 Rxa5 26. Bxe5 Bxe5 27. f4 Bg7 28. Nb3 Ra3 29. Rb1 Rd8 30. Bf1 Rf8 31. Bg2 Rd8 32. Bf1 Bf8 33. e5 Be6 34. Nd2 Rc3 35. Rxc3 dxc3 36. Ne4 Rd4 37. Nxc3 Bxc5 38. Kh1 b5 39. Ne4 Ba3 40. Kg1 b4 41. Nd2 b3 42. Kf2 b2 43. Ke3 Bc5 44. Ke2 Rb4 45. Nc4 Bd4 46. Kd2 Rb3 0-1

[Event "1st Gujarat GM Open 2018"]
[Site "Ahmedabad"]
[Date "2018.10.08"]
[Round "5"]
[White "Rahman, Ziaur"]
[Black "Navalgund, Niranjan"]
[Result "0-1"]
[ECO "E69"]
[WhiteElo "2473"]
[BlackElo "2245"]
[Annotator "RC"]
[PlyCount "111"]
[EventDate "2018.10.05"]
[EventType "swiss"]
[EventCountry "IND"]
[SourceTitle "playchess.com"]
[Source "ChessBase"]
[SourceQuality "1"]
[TimeControl "5400+30"]

1. Nf3 Nf6 2. c4 g6 3. g3 Bg7 4. Bg2 O-O 5. O-O d6 6. Nc3 e5 7. d4 Nbd7 8. e4 c6 9. h3 Qb6 10. Re1 exd4 11. Nxd4 Re8 12. Nc2 Qa5 13. Ne3 Nc5 14. Nc2 Ncd7 15. Bd2 Qc7 16. Re2 a6 17. b3 b5 18. cxb5 axb5 19. Rc1 Bb7 20. Be1 Rf8 21. Bd2 Rfe8 22. Be1 Rad8 23. Ne3 Qb8 24. Ng4 b4 25. Na4 c5 26. Nxf6+ Bxf6 27. Rcc2 Ne5 28. Nb6 Bxe4 29. Rxe4 Qxb6 30. Qd5 Nc6 31. Rce2 Rxe4 32. Qxe4 d5 33. Qf4 Nd4 34. Re3 Kg7 35. Bd2 c4 36. Re1 Ne6 37. Qf3 Nd4 38. Qf4 Ne6 39. Qf3 Nc5 40. g4 c3 41. Bc1 Ne4 42. Be3 Bd4 43. Qf4 Bxe3 44. fxe3 Qf6 45. Bxe4 Qxf4 46. exf4 dxe4 47. Kf2 f5 48. Ra1 Rd2+ 49. Ke3 Rd3+ 50. Ke2 Rxh3 51. gxf5 gxf5 52. a3 bxa3 53. b4 a2 54. b5 Rh2+ 55. Ke3 Rb2 56. Kd4 0-1

[Event "1st Gujarat GM Open 2018"]
[Site "Ahmedabad"]
[Date "2018.10.08"]
[Round "5"]
[White "Vignesh N R"]
[Black "Bernadskiy, Vitaliy"]
[Result "1/2-1/2"]
[ECO "B90"]
[WhiteElo "2447"]
[BlackElo "2547"]
[Annotator "RC"]
[PlyCount "68"]
[EventDate "2018.10.05"]
[EventType "swiss"]
[EventCountry "IND"]
[SourceTitle "playchess.com"]
[Source "ChessBase"]
[SourceQuality "1"]
[TimeControl "5400+30"]

1. e4 c5 2. Nf3 d6 3. d4 cxd4 4. Nxd4 Nf6 5. Nc3 a6 6. h3 e6 7. g4 b5 8. Bg2 Bb7 9. O-O Nfd7 10. Re1 Nc6 11. a4 Nxd4 12. Qxd4 e5 13. Qd1 bxa4 14. Rxa4 Nc5 15. Ra1 Be7 16. Nd5 O-O 17. Be3 Ne6 18. Nxe7+ Qxe7 19. Qd2 h5 20. Red1 hxg4 21. Qxd6 Qxd6 22. Rxd6 gxh3 23. Bxh3 Bxe4 24. Bxe6 fxe6 25. Rxe6 Bxc2 26. Raxa6 Rxa6 27. Rxa6 Rb8 28. Re6 Rxb2 29. Rxe5 Rb7 30. Kh2 Rf7 31. Kg3 Kh7 32. Rh5+ Kg6 33. Rg5+ Kh7 34. Rh5+ Kg6 1/2-1/2

[Event "1st Gujarat GM Open 2018"]
[Site "Ahmedabad"]
[Date "2018.10.08"]
[Round "5"]
[White "Audi Ameya"]
[Black "Prajesh R"]
[Result "1-0"]
[ECO "C55"]
[WhiteElo "2375"]
[BlackElo "1953"]
[Annotator "NA"]
[PlyCount "167"]
[EventDate "2018.10.05"]
[EventType "swiss"]
[EventCountry "IND"]
[SourceTitle "playchess.com"]
[Source "ChessBase"]
[SourceQuality "1"]
[TimeControl "5400+30"]

1. e4 e5 2. Nf3 Nc6 3. Bc4 Nf6 4. d3 Be7 5. O-O O-O 6. Re1 d6 7. a4 Na5 8. Ba2 c5 9. c3 Nc6 10. h3 h6 11. Na3 Re8 12. Nc4 Be6 13. d4 exd4 14. cxd4 d5 15. exd5 Bxd5 16. dxc5 Bxc5 17. Rxe8+ Qxe8 18. Be3 Bxc4 19. Bxc5 Rd8 20. Be3 Rc8 21. Bc5 Rd8 22. Qb1 Rc8 23. Qd1 Rd8 24. Qb1 Be2 25. Qf5 Bc4 26. Qb1 Be2 27. Qf5 Bd1 28. a5 Qe2 29. b4 Qb2 30. Qb1 Qc3 31. Qc1 Bc2 32. Qe1 Qb2 33. Bc4 Ne4 34. Ra2 Qxa2 35. Bxa2 Rd1 36. Bd5 Nxc5 37. Bxc6 bxc6 38. bxc5 Rxe1+ 39. Nxe1 Ba4 40. Nf3 Bb3 41. Nd4 Bd5 42. Nf5 Kf8 43. Nd6 a6 44. Nf5 Be4 45. Nd4 Ke7 46. f3 Bd5 47. h4 Kf6 48. Kf2 h5 49. Ke3 g5 50. g3 Kg6 51. Nc2 Bc4 52. Kd4 Be2 53. Nb4 gxh4 54. gxh4 Kf5 55. Nxc6 Bxf3 56. Ne5 Bh1 57. Nxf7 Kg4 58. Nd8 Kxh4 59. c6 Bxc6 60. Nxc6 Kg3 61. Ne7 Kg4 62. Ke3 Kg3 63. Nf5+ Kg4 64. Ng7 h4 65. Kf2 Kh3 66. Kg1 Kg4 67. Ne6 Kf5 68. Nc5 Ke5 69. Nxa6 Kd6 70. Kh2 Kc6 71. Nb4+ Kb5 72. a6 Kb6 73. Kh3 Ka7 74. Kxh4 Kb6 75. Kg5 Ka7 76. Kf5 Kb6 77. Ke6 Ka7 78. Kd7 Kb6 79. Kc8 Ka7 80. Kc7 Ka8 81. Kb6 Kb8 82. Nd5 Ka8 83. Nc7+ Kb8 84. a7+ 1-0

[Event "1st Gujarat GM Open 2018"]
[Site "Ahmedabad"]
[Date "2018.10.08"]
[Round "5"]
[White "Bharath Subramaniyam H"]
[Black "Kadam Om Manish"]
[Result "1-0"]
[ECO "B22"]
[WhiteElo "2276"]
[BlackElo "2082"]
[Annotator "NA RC"]
[PlyCount "28"]
[EventDate "2018.10.05"]
[EventType "swiss"]
[EventCountry "IND"]
[SourceTitle "playchess.com"]
[Source "ChessBase"]
[SourceQuality "1"]
[TimeControl "5400+30"]

1. e4 c5 2. c3 d5 3. exd5 Qxd5 4. d4 Nc6 5. Nf3 e6 6. Na3 cxd4 7. Nb5 Qd8 8. Bf4 dxc3 9. Nc7+ Ke7 10. Qd3 Qd7 11. Qxd7+ {[%emt 0:00:47] Kd8 [%clk 0:53:44] O-O-O+} Bxd7 12. Nxa8 cxb2 {[%emt 0:00:26] Kxb2 [%clk 1:28:05] Be7 [%clk 0:52:29]} 13. Ne5 Nxe5 14. Bxe5 {[%emt 0:00:10] Bf6 [%clk 0:52:11] f4 [%clk 1:26:52] Bxe5+ [%clk 0:51:38] fxe5 [%clk 1:27:21] Ne7 [%clk 0:51:53] Bc4 [%clk 1:27:00] Kc8 [%clk 0:48:51] Rhf1 [%clk 1:27:07] Rf8 [%clk 0:43:25] Rd2 [%clk 1:24:48] Ng6 [%clk 0:40:08] Rd6 [%clk 1:20:38]} Bc6 $18 {[%emt 0:14:56] Bb3 [%clk 1:18:59] Bxg2 [%clk 0:33:00] Rxf7 [%clk 1:19:17]} ({Viel schwächer ist} 14... bxa1=R+ 15. Bxa1 Kd6 16. Bd4 $19 (16. Bc4 $19)) ({Nicht} 14... bxa1=N 15. Bd3 $19) 1-0

[Event "1st Gujarat GM Open 2018"]
[Site "Ahmedabad"]
[Date "2018.10.08"]
[Round "5"]
[White "Srija, Seshadri"]
[Black "Ashutosh, Kumar"]
[Result "*"]
[ECO "B76"]
[WhiteElo "2246"]
[BlackElo "2044"]
[Annotator "NA"]
[PlyCount "43"]
[EventDate "2018.10.05"]
[EventType "swiss"]
[EventCountry "IND"]
[SourceTitle "playchess.com"]
[Source "ChessBase"]
[SourceQuality "1"]
[TimeControl "5400+30"]

1. e4 c5 2. Nf3 d6 3. d4 cxd4 4. Nxd4 Nf6 5. Nc3 g6 6. Be3 Bg7 7. f3 O-O 8. Qd2 Nc6 9. g4 Be6 10. Nxe6 fxe6 11. O-O-O Ne5 12. Be2 Qa5 13. Kb1 Rac8 14. Nb5 Qxd2 15. Rxd2 a6 16. Nd4 Kf7 17. b3 Nc6 18. h4 Nxd4 19. Bxd4 Nd7 20. Be3 Rc3 21. Bf2 Be5 22. Be3 *

[Event "1st Gujarat GM Open 2018"]
[Site "Ahmedabad"]
[Date "2018.10.08"]
[Round "5"]
[White "Srija, Seshadri"]
[Black "Ashutosh, Kumar"]
[Result "1-0"]
[ECO "B76"]
[WhiteElo "2246"]
[BlackElo "2044"]
[Annotator "NA"]
[PlyCount "95"]
[EventDate "2018.10.05"]
[EventType "swiss"]
[EventCountry "IND"]
[SourceTitle "playchess.com"]
[Source "ChessBase"]
[SourceQuality "1"]
[TimeControl "5400+30"]

1. e4 c5 2. Nf3 d6 3. d4 cxd4 4. Nxd4 Nf6 5. Nc3 g6 6. Be3 Bg7 7. f3 O-O 8. Qd2 Nc6 9. g4 Be6 10. Nxe6 fxe6 11. O-O-O Ne5 12. Be2 Qa5 13. Kb1 Rac8 14. Nb5 Qxd2 15. Rxd2 a6 16. Nd4 Kf7 17. b3 Nc6 18. h4 Nxd4 19. Bxd4 Nd7 20. Be3 Rc3 21. Bf2 Be5 22. Rf1 Bf4 23. Rdd1 Rc6 24. Bd4 Rfc8 25. c4 e5 26. Bb2 Nc5 27. g5 Ne6 28. Rh1 Ng7 29. b4 Ke8 30. Bd3 Nh5 31. a3 e6 32. a4 Be3 33. Ba3 R6c7 34. Rh2 Nf4 35. Bf1 Ke7 36. Bb2 a5 37. c5 Bd4 38. cxd6+ Kxd6 39. b5 Ke7 40. b6 Rc6 41. Bb5 Rxb6 42. Rhd2 Rc7 43. Bxd4 exd4 44. Rxd4 Rxb5+ 45. axb5 Ne2 46. b6 Rc8 47. Rd7+ Ke8 48. Rc7 1-0

[Event "1st Gujarat GM Open 2018"]
[Site "Ahmedabad"]
[Date "2018.10.08"]
[Round "5"]
[White "Bhambure, Shantanu"]
[Black "Pranesh M"]
[Result "0-1"]
[ECO "D30"]
[WhiteElo "2243"]
[BlackElo "2028"]
[Annotator "NA"]
[PlyCount "40"]
[EventDate "2018.10.05"]
[EventType "swiss"]
[EventCountry "IND"]
[SourceTitle "playchess.com"]
[Source "ChessBase"]
[SourceQuality "1"]
[TimeControl "5400+30"]

1. d4 Nf6 2. c4 e6 3. Nf3 d5 4. Nbd2 c6 5. e3 Nbd7 6. Bd3 Be7 7. O-O O-O 8. e4 dxe4 9. Nxe4 b6 10. Qc2 Bb7 11. Rd1 Nxe4 12. Bxe4 Nf6 13. Bd3 Qc7 14. c5 bxc5 15. dxc5 h6 16. b3 Rad8 17. Bb2 Qf4 18. b4 Rd5 19. Bc4 Rh5 20. Qe2 Nd5 0-1

[Event "1st Gujarat GM Open 2018"]
[Site "Ahmedabad"]
[Date "2018.10.08"]
[Round "5"]
[White "Utsab Chatterjee"]
[Black "Fenil, Shah"]
[Result "1/2-1/2"]
[ECO "B44"]
[WhiteElo "2149"]
[BlackElo "2411"]
[Annotator "NA"]
[PlyCount "78"]
[EventDate "2018.10.05"]
[EventType "swiss"]
[EventCountry "IND"]
[SourceTitle "playchess.com"]
[Source "ChessBase"]
[SourceQuality "1"]
[TimeControl "5400+30"]

1. e4 c5 2. Nf3 e6 3. d4 cxd4 4. Nxd4 Nc6 5. Nxc6 bxc6 6. Bd3 Nf6 7. O-O d6 8. Nc3 Be7 9. f4 O-O 10. Kh1 e5 11. Qe2 {[%emt 0:01:34] B80: Sicilian Scheveningen: 6 g3 and 6 Be3, including English Attack} (11. Bc4 Rb8 12. b3 Bg4 13. Qd3 d5 14. exd5 e4 15. Qg3 cxd5 16. Bxd5 Nxd5 17. Nxd5 Qxd5 18. Qxg4 Bf6 19. Rb1 {0-1 (47) Karthikeyan,M (2504)-Ivanisevic,I (2638) Dubai 2015}) 11... exf4 12. Bxf4 Ng4 13. Bc4 {[%emt 0:03:15] White has an edge.} Bf6 14. h3 $146 ({Predecessor:} 14. Rad1 Ne5 15. Bb3 Bg4 16. Bxe5 Bxe2 17. Bxf6 gxf6 18. Nxe2 Qe7 {½-½ (40) Ackermann,F (2086)-Kaufeld,J (2308) Oberhausen 2007}) 14... Ne5 15. Bb3 a5 {[%emt 0:06:07] And now ...Ba6 would win.} 16. Qd2 Qe7 17. a4 Ba6 18. Rfe1 Rfd8 19. Rad1 Bh4 20. Rg1 Bc4 (20... c5 21. Rge1 (21. Nb5 $11) 21... Bc4 (21... Bxe1 $17 22. Qxe1 c4) 22. Rg1 {Precision: White = 32%, Black = 49%.}) (20... h6 $17) 21. Ne2 Bxb3 22. cxb3 Ng6 23. Nd4 Qxe4 24. Bg5 Re8 25. Bxh4 Nxh4 26. Qc3 Rec8 27. Qg3 Ng6 28. Rge1 Qf4 29. Qxf4 Nxf4 30. Nf5 Rcb8 31. Ne7+ Kf8 32. Nxc6 Rxb3 33. Rxd6 Rxb2 34. Rd7 Ng6 35. Kg1 Rb6 36. Rc7 Kg8 37. Rf1 Rf8 38. Nxa5 Ra6 39. Rf5 f6 1/2-1/2

[Event "1st Gujarat GM Open 2018"]
[Site "Ahmedabad"]
[Date "2018.10.08"]
[Round "5"]
[White "Utsab Chatterjee"]
[Black "Fenil, Shah"]
[Result "1-0"]
[ECO "B44"]
[WhiteElo "2149"]
[BlackElo "2411"]
[Annotator "NA RC"]
[PlyCount "45"]
[EventDate "2018.10.05"]
[EventType "swiss"]
[EventCountry "IND"]
[SourceTitle "playchess.com"]
[Source "ChessBase"]
[SourceQuality "1"]
[TimeControl "5400+30"]

1. e4 c5 2. Nf3 e6 3. d4 cxd4 4. Nxd4 Nc6 5. Nxc6 bxc6 6. Bd3 Nf6 7. O-O d6 8. Nc3 Be7 9. f4 O-O 10. Kh1 e5 11. Qe2 {[%emt 0:01:34] B80: Sicilian Scheveningen: 6 g3 and 6 Be3, including English Attack} (11. Bc4 Rb8 12. b3 Bg4 13. Qd3 d5 14. exd5 e4 15. Qg3 cxd5 16. Bxd5 Nxd5 17. Nxd5 Qxd5 18. Qxg4 Bf6 19. Rb1 {0-1 (47) Karthikeyan,M (2504)-Ivanisevic,I (2638) Dubai 2015}) 11... exf4 12. Bxf4 Ng4 13. Bc4 {[%emt 0:03:15] White has an edge.} Bf6 14. h3 $146 ({Predecessor:} 14. Rad1 Ne5 15. Bb3 Bg4 16. Bxe5 Bxe2 17. Bxf6 gxf6 18. Nxe2 Qe7 {½-½ (40) Ackermann,F (2086)-Kaufeld,J (2308) Oberhausen 2007}) 14... Ne5 15. Bb3 a5 {[%emt 0:06:07] And now ...Ba6 would win.} 16. Qd2 Qe7 17. a4 Ba6 18. Rfe1 Rfd8 19. Rad1 Bh4 20. Rg1 c5 (20... h6 $17) 21. Rge1 (21. Nb5 $11) 21... Bc4 (21... Bxe1 $17 22. Qxe1 c4) 22. Rg1 {[%emt 0:00:00] Precision: White = 32%, Black = 49%.} Ba6 23. Rge1 1-0

[Event "1st Gujarat GM Open 2018"]
[Site "Ahmedabad"]
[Date "2018.10.08"]
[Round "5"]
[White "Prasannaa.s"]
[Black "Konguvel, Ponnuswamy"]
[Result "1-0"]
[ECO "B08"]
[WhiteElo "2124"]
[BlackElo "2325"]
[Annotator "RC"]
[PlyCount "109"]
[EventDate "2018.10.05"]
[EventType "swiss"]
[EventCountry "IND"]
[SourceTitle "playchess.com"]
[Source "ChessBase"]
[SourceQuality "1"]
[TimeControl "5400+30"]

1. Nf3 g6 2. e4 d6 3. d4 Bg7 4. Be2 Nf6 5. Nc3 a6 6. a4 O-O 7. O-O Nc6 8. d5 Na7 9. h3 Bd7 10. e5 dxe5 11. Nxe5 Be8 12. Bf4 c6 13. Bf3 cxd5 14. Nxd5 Nxd5 15. Bxd5 Nc6 16. Re1 e6 17. Bxc6 Bxc6 18. Nxc6 bxc6 19. Qxd8 Rfxd8 20. Be5 Rd2 21. Bxg7 Kxg7 22. Rac1 Rb8 23. b3 Rb4 24. Re3 Rf4 25. f3 Rf5 26. Rd3 Rd5 27. Kh2 Kf6 28. Rc3 Rg5 29. Rg1 c5 30. h4 Re5 31. Kg3 h5 32. Rc4 Ke7 33. Kf4 Kd6 34. g4 hxg4 35. fxg4 Ree2 36. Kg5 Rf2 37. Rh1 Rd5+ 38. Kh6 Ke7 39. Kg7 Rg2 40. Rf1 f5 41. g5 e5 42. Kxg6 f4 43. Re4 Kd6 44. h5 Rd4 45. Rxd4+ cxd4 46. h6 Rxc2 47. h7 Rh2 48. Kg7 Ke6 49. b4 d3 50. b5 axb5 51. axb5 Kd6 52. h8=Q Rxh8 53. Kxh8 e4 54. b6 e3 55. Rb1 1-0

[Event "1st Gujarat GM Open 2018"]
[Site "Ahmedabad"]
[Date "2018.10.08"]
[Round "5"]
[White "Mahindrakar Indrajeet"]
[Black "Saurabh Anand"]
[Result "0-1"]
[ECO "C85"]
[WhiteElo "2107"]
[BlackElo "2303"]
[Annotator "NA"]
[PlyCount "74"]
[EventDate "2018.10.05"]
[EventType "swiss"]
[EventCountry "IND"]
[SourceTitle "playchess.com"]
[Source "ChessBase"]
[SourceQuality "1"]
[TimeControl "5400+30"]

1. e4 e5 2. Nf3 Nc6 3. Bb5 a6 4. Ba4 Nf6 5. O-O Be7 6. Bxc6 dxc6 7. Qe1 Nd7 8. b3 O-O 9. Bb2 f6 10. d4 exd4 11. Nxd4 Ne5 12. Nd2 Bd6 13. Kh1 Re8 14. f4 Ng6 15. Qg3 c5 16. Nf5 Bxf5 17. exf5 Ne7 18. Qf3 Qd7 19. Qxb7 Nc6 20. Nc4 Ra7 21. Nb6 cxb6 22. Qxd7 Rxd7 23. Rf2 Rde7 24. g4 Re2 25. Raf1 Nd4 26. Bxd4 cxd4 27. Kg2 Bc5 28. b4 Bxb4 29. Rd1 Bc5 30. Rd3 Rxf2+ 31. Kxf2 Re4 32. h3 Rxf4+ 33. Kg2 Re4 34. Rd2 Re3 35. h4 Ra3 36. Re2 Rxa2 37. Kf3 d3 0-1

[Event "1st Gujarat GM Open 2018"]
[Site "Ahmedabad"]
[Date "2018.10.08"]
[Round "5"]
[White "Manish Anto Cristiano F"]
[Black "Kunal, M.."]
[Result "*"]
[ECO "B19"]
[WhiteElo "1961"]
[BlackElo "2270"]
[Annotator "ChessBase"]
[PlyCount "60"]
[EventDate "2018.10.05"]
[EventType "swiss"]
[EventCountry "IND"]
[SourceTitle "playchess.com"]
[Source "ChessBase"]
[SourceQuality "1"]
[TimeControl "5400+30"]

1. e4 c6 2. d4 d5 3. Nc3 dxe4 4. Nxe4 Bf5 5. Ng3 Bg6 6. h4 h6 7. Nf3 Nd7 8. h5 Bh7 9. Bd3 Bxd3 10. Qxd3 e6 11. Bd2 a5 12. O-O-O Bb4 13. Ne4 Ngf6 14. Bf4 Nxe4 15. Qxe4 Nf6 16. Qe5 a4 17. a3 Be7 18. g4 Qd5 19. Qxd5 cxd5 20. Ne5 Ne4 21. Rhf1 Rc8 22. f3 Nd6 23. Kb1 Nc4 24. Nxc4 Rxc4 25. c3 Kd7 26. Rde1 Rcc8 27. Re2 Rcg8 28. Rh1 Bd6 29. Bxd6 Kxd6 30. Kc2 Kd7 *

[Event "1st Gujarat GM Open 2018"]
[Site "Ahmedabad"]
[Date "2018.10.08"]
[Round "5"]
[White "Sudarshan Bhat"]
[Black "Jeet, Jain"]
[Result "0-1"]
[ECO "C77"]
[WhiteElo "1840"]
[BlackElo "2185"]
[Annotator "NA"]
[PlyCount "128"]
[EventDate "2018.10.05"]
[EventType "swiss"]
[EventCountry "IND"]
[SourceTitle "playchess.com"]
[Source "ChessBase"]
[SourceQuality "1"]
[TimeControl "5400+30"]

1. e4 e5 2. Nf3 Nc6 3. Bb5 a6 4. Ba4 Nf6 5. Qe2 b5 6. Bb3 Bc5 7. c3 d6 8. O-O O-O 9. d3 h6 10. Be3 Bxe3 11. fxe3 d5 12. exd5 Nxd5 13. Nbd2 Be6 14. d4 exd4 15. exd4 Re8 16. Rae1 Nf4 17. Qe4 Bxb3 18. Qxf4 Bd5 19. Re2 Rxe2 20. Re1 Bb3 21. Rf1 Re1 22. Rxe1 Bd5 23. Rf1 Bb3 24. Re1 Bd5 25. b3 Rb8 26. Ne4 a5 27. Ne5 a4 28. c4 bxc4 29. bxc4 Nxe5 30. dxe5 Be6 31. Nc5 Qe7 32. Nxe6 Qxe6 33. Qd4 Re8 34. Qd5 Kh7 35. h3 f6 36. Qc5 fxe5 37. Qxc7 e4 38. Re3 Qf6 39. a3 Qd4 40. Qf4 Qxc4 41. Kh1 Qd4 42. Kh2 Kg8 43. Kh1 Kh7 44. Kh2 Qe5 45. Kg3 Qd5 46. Kh2 Re7 47. Kh1 Qe5 48. Qf2 Rc7 49. Qe1 Rc4 50. Qb1 Kh8 51. Qe1 Qc7 52. Qg3 Qxg3 53. Rxg3 Kg8 54. Kg1 Kf7 55. h4 g6 56. Kf2 Kf6 57. Re3 Kf5 58. Rh3 Rc2+ 59. Kf1 Kf4 60. Kg1 e3 61. Rf3+ Ke4 62. Kf1 Kd3 63. g4 Kd2 64. g5 e2+ 0-1

[Event "1st Gujarat GM Open 2018"]
[Site "Ahmedabad"]
[Date "2018.10.08"]
[Round "5"]
[White "Balaji Sekar"]
[Black "Arpan, Das"]
[Result "1/2-1/2"]
[ECO "B47"]
[WhiteElo "1189"]
[BlackElo "2164"]
[Annotator "NA"]
[PlyCount "135"]
[EventDate "2018.10.05"]
[EventType "swiss"]
[EventCountry "IND"]
[SourceTitle "playchess.com"]
[Source "ChessBase"]
[SourceQuality "1"]
[TimeControl "5400+30"]

1. e4 c5 2. Nf3 e6 3. d4 cxd4 4. Nxd4 Nc6 5. Nc3 Qc7 6. Be2 Nf6 7. O-O Be7 8. Be3 O-O 9. f4 d6 10. Kh1 Nxd4 11. Qxd4 e5 12. Qd3 exf4 13. Bxf4 Be6 14. Rad1 Rfd8 15. Qg3 Kh8 16. Bg5 a6 17. Bd3 Kg8 18. Be2 Kh8 19. Bd3 Kg8 20. Be2 Kh8 21. Bd3 Ng8 22. Nd5 Bxd5 23. exd5 Bxg5 24. Qxg5 g6 25. Qf4 Kg7 26. Qd4+ f6 27. Rfe1 Re8 28. Re6 Re7 29. Bc4 Rae8 30. Kg1 b5 31. Bb3 Kf8 32. a4 Qa5 33. axb5 axb5 34. h3 Qc7 35. Qf4 Qc5+ 36. Kf1 Rxe6 37. dxe6 Rd8 38. Rd5 Qb6 39. Qb4 Ne7 40. Rxb5 Qe3 41. Qe1 Qf4+ 42. Kg1 Qd4+ 43. Kh2 Qxb2 44. Qe3 d5 45. c3 Qa3 46. Qf4 Qd6 47. Qxd6 Rxd6 48. Rb8+ Kg7 49. Rb7 Kf8 50. Rb8+ Kg7 51. Re8 Rxe6 52. Bxd5 Re5 53. Bf3 Kf7 54. Rd8 Rc5 55. Rd3 Ke6 56. Kg3 Nd5 57. Bxd5+ Rxd5 58. Re3+ Kd6 59. Kf3 Rf5+ 60. Ke2 Kc5 61. g4 Rg5 62. Rf3 h5 63. gxh5 Rxh5 64. Kd3 f5 65. Rg3 g5 66. Rf3 g4 67. hxg4 fxg4 68. Rf8 1/2-1/2